 Dungeon Crawl Stone Soup version 0.24-a0-309-g1095bca (webtiles) character file.

Game seed: 66212190011602902

128 galech the Skirmisher (level 4, 0/37 HPs)
             Began as a Demonspawn Fighter on May 14, 2019.
             Slain by Crazy Yiuf
             ... wielding a +2 quarterstaff of chaos
              (9 damage)
             ... on level 2 of the Dungeon.
             The game lasted 00:02:06 (1898 turns).

galech the Skirmisher (Demonspawn Fighter)          Turns: 1898, Time: 00:02:07

Health: 0/37       AC:  6    Str: 16    XL:     4   Next: 87%
Magic:  0/4        EV:  9    Int: 10    God:
Gold:   119        SH:  7    Dex: 13    Spells: 3/3 levels left

rFire    + . .     SeeInvis .   a - +0 war axe
rCold    . . .     Gourm    .   n - +2 buckler {reflect}
rNeg     . . .     Faith    .   b - +0 scale mail
rPois    .         Spirit   +   (helmet restricted)
rElec    .         Reflect  +   (no cloak)
rCorr    .         Harm     .   (no gloves)
MR       .....                  (no boots)
Stlth    ..........             (no amulet)
HPRegen  0.12/turn              (no ring)
MPRegen  0.09/turn              (no ring)

@: no status effects
A: antennae 1, fire resistance 1, magic shield
a: no special abilities


You were on level 2 of the Dungeon.
You were not hungry.

You visited 1 branch of the dungeon, and saw 2 of its levels.

You collected 119 gold pieces.

Inventory:

Hand Weapons
 a - a +0 war axe (weapon)
Armour
 b - a +0 scale mail (worn)
 c - a +0 shield
 n - a +2 buckler of reflection (worn)
Wands
 m - a wand of flame (15)
Scrolls
 h - 2 scrolls of remove curse {unknown}
 i - 3 scrolls of identify {unknown}
 j - 2 scrolls of blinking {unknown}
Potions
 d - a potion of might
 e - a potion of flight {unknown}
 l - a potion of invisibility
 o - a potion of curing {unknown}
Comestibles
 f - 3 rations


   Skills:
 + Level 3.8 Fighting
 + Level 2.3 Axes
 + Level 3.3 Armour
 + Level 0.4 Dodging
 + Level 0.9 Stealth
 + Level 3.5 Shields


You had 3 spell levels left.
You didn't know any spells.
Your spell library was empty.

Dungeon Overview and Level Annotations

Branches:
Dungeon (2/15)

Altars:

Annotations:
D:2 Crazy Yiuf


Innate Abilities, Weirdness & Mutations

You have a pair of small antennae on your head.
Your flesh is heat resistant. (rF+)
When hurt, damage is shared between your health and your magic reserves.


Message History

You are too confused!
You are too confused!
You are too confused!
You are too confused!
You're too confused to move!
You feel less confused.
Crazy Yiuf hits you with a +2 quarterstaff of chaos!
Crazy Yiuf draws strength from your wounds!
You barely miss Crazy Yiuf.
Crazy Yiuf grits, "Goldfish ena canine!"
Crazy Yiuf hits you with a +2 quarterstaff of chaos.
* * * LOW HITPOINT WARNING * * *
You closely miss Crazy Yiuf.
Crazy Yiuf hits you with a +2 quarterstaff of chaos.
* * * LOW HITPOINT WARNING * * *
You slash Crazy Yiuf!
Crazy Yiuf is heavily wounded.
You block Crazy Yiuf's attack.
Crazy Yiuf hits you with a +2 quarterstaff of chaos!
You die...

#..................#
#.#
###############....#
#.# #....# #.#
♣....♣ #.#
############ ♣...♣♣
###.# #..........#
♣♣.♣♣ #...#
#.########## ♣.♣♣
##### #.# ♣♣.♣ #.#
♣@♣♣ #.# ♣♣g♣
##.########## #'#
..#..<......# ...
##.########## #...#
##.# #..)# ...#
##### ####


You could see Crazy Yiuf.

Vanquished Creatures
  Jessica (D:2)
  Robin (D:2)
  2 adders (D:2)
  A worm (D:2)
  2 dart slugs (D:2)
  A ball python (D:2)
  10 bats
  3 giant cockroaches (D:2)
  13 goblins
  12 hobgoblins
  7 kobolds
  5 frilled lizards
  7 rats
65 creatures vanquished.

Vanquished Creatures (others)
  A goblin (D:2)
1 creature vanquished.

Grand Total: 66 creatures vanquished

Notes
Turn   | Place    | Note
-------+----------+-------------------------------------------
     0 | D:1      | galech the Demonspawn Fighter began the quest for the Orb.
     0 | D:1      | Reached XP level 1. HP: 18/18 MP: 1/1
   162 | D:1      | Gained mutation: When hurt, damage is shared between your
                  | health and your magic reserves. [demonic ancestry]
   162 | D:1      | Reached XP level 2. HP: 22/24 MP: 2/2
   543 | D:1      | Gained mutation: Your flesh is heat resistant. (rF+)
                  | [demonic ancestry]
   543 | D:1      | Reached XP level 3. HP: 18/29 MP: 1/3
  1015 | D:2      | Noticed Jessica
  1021 | D:2      | Killed Jessica
  1021 | D:2      | Gained mutation: You have a pair of small antennae on your
                  | head. [demonic ancestry]
  1021 | D:2      | Reached XP level 4. HP: 22/37 MP: 2/4
  1169 | D:2      | Noticed Robin
  1191 | D:2      | Killed Robin
  1750 | D:2      | Found a runed translucent door.
  1751 | D:2      | Noticed Crazy Yiuf
  1898 | D:2      | Slain by Crazy Yiuf

Levels and vault maps discovered:
D:1:      dpeg_arrival_court, layout_loops_ring
D:2:      layout_loops_ring, uniq_jessica, uniq_robin, uniq_crazy_yiuf_cottage

Skill      XL: |  1  2  3  4 |
---------------+-------------+-----
Shields        | 3 |  3.5
Armour         | 3 |  3.3
Axes           | 2 |  2.3
Fighting       | |  3.8
Dodging        | |  0.4
Stealth        | |  0.9

Action                   |  1- 3 |  4- 6 || total
-------------------------+-------+-------++-------
Melee: War axe           |   132 |    89 ||   221
  Use: Potion            |       |     2 ||     2
 Stab: Invisible         |       |     1 ||     1
  Eat: Chunk             |     1 |     3 ||     4
Armor: Scale mail        |    71 |    41 ||   112
Dodge: Dodged            |    44 |    34 ||    78
Block: Shield            |    72 |     5 ||    77
       Buckler           |       |    30 ||    30
       Reflection        |       |     2 ||     2

Table legend:
 A = Non-vault XP
 B = Vault XP
 C = Vault XP percentage of total XP
 D = Non-vault monster count
 E = Vault monster count
 F = Vault count percentage of total count
                 A         B        C        D         E       F
            +---------+---------+-------+---------+---------+-------
      Total |     112 |      72 |  39.1 |      52 |      13 |  20.0
            +---------+---------+-------+---------+---------+-------
        D:1 |      43 |       0 |   0.0 |      29 |       0 |   0.0
        D:2 |      69 |      72 |  51.1 |      23 |      13 |  36.1
            +---------+---------+-------+---------+---------+-------
